 Dungeon Crawl Stone Soup version 0.31-a0-1074-g0b22e4e0f1 (webtiles) character file.

Game seed: 3918793298723421081

51 Lobster4 the Changeling (level 3, -2/40 HPs)
             Began as a Merfolk Shapeshifter on Nov 29, 2023.
             Slain by an orc
             ... wielding a +0 mace
              (6 damage)
             ... on level 3 of the Dungeon.
             The game lasted 00:03:23 (1509 turns).

Lobster4 the Changeling (Merfolk Shapeshifter)      Turns: 1509, Time: 00:03:24

Health: -2/40      AC: 21    Str: 16    XL:     3   Next: 83%
Magic:  3/3        EV:  2    Int:  9    God:
Gold:   140        SH:  0    Dex: 13    Spells: 2/2 levels left

rFire   . . .        e - +0 short sword
rCold   . . .        (no shield)
rNeg    . . .        g - melded +0 ring mail
rPois   +            (helmet currently unavailable)
rElec   .            (cloak currently unavailable)
rCorr   .            (gloves currently unavailable)
SInv    .            (boots currently unavailable)
Will    .....        (no amulet)
Stlth   +            k - +4 ring of slaying
HPRegen 0.26/turn    (no ring)
MPRegen 0.08/turn

%: no passive effects
@: tree-form
A: stationary, stasis, torment immunity, boosted hp, (nimble swimmer 2),
(mertail)
a: no special abilities


You were on level 3 of the Dungeon.
You were a tree.
You visited 1 branch of the dungeon, and saw 3 of its levels.

You collected 140 gold pieces.

Inventory:

Hand Weapons
 e - a +0 short sword (weapon)
 l - a +0 sling
Missiles
 f - 5 stones
 m - 5 darts of dispersal
 r - 3 poisoned darts
 t - a throwing net
Armour
 a - a +0 animal skin
 g - a +0 ring mail (melded)
 u - a +0 pair of gloves
Jewellery
 k - a +4 ring of slaying (left branch)
Talismans
 c - a beast talisman
 d - a flux talisman
Scrolls
 h - a scroll of brand weapon {unknown}
 i - a scroll of poison {unknown}
 j - a scroll of fear {unknown}
 o - a scroll of enchant weapon {unknown}
 p - a scroll of enchant armour {unknown}
 q - a scroll of silence {unknown}
Potions
 n - 2 potions of curing {unknown}
 s - 2 potions of brilliance {unknown}


   Skills:
 + Level 1.9 Fighting
 + Level 0.6 Armour
 - Level 3.0 Dodging
 + Level 3.6 Unarmed Combat
 * Level 4.8 Shapeshifting


You had 2 spell levels left.
You didn't know any spells.
Your spell library contained the following spells:

 Spells                   Type           Power      Damage    Failure   Level
 Apportation              Tloc           0%         N/A       38%         1
 Necrotise                Necr           0%         1d4       38%         1
 Summon Small Mammal      Summ           0%         N/A       38%         1
 Cigotuvi's Dreadful Rot  Necr/Pois/Air  0%         N/A       52%         2
 Ignite Poison            Fire/Tmut/Pois 0%         N/A       77%         3
 Freezing Cloud           Conj/Ice/Air   0%         6-21      100%        5


Dungeon Overview and Level Annotations

Branches:
Dungeon (3/15)

Altars:

Annotations:
D:2 1 runed translucent door, Crazy Yiuf


Innate Abilities, Weirdness & Mutations

You are a tree.
Your roots penetrate the ground, keeping you stationary.
You cannot be teleported.
You are immune to unholy pain and torment.
Your maximum health is greatly increased.
Your equipment is partially melded.
((You are very nimble when in or above water. (Stealth+, EV+, Speed+++)))
((Your lower body shifts to a powerful aquatic tail in water.))


Message History

You barely miss the orc wizard.
The orc wizard is severely wounded.
The orc barely misses you.
The orc wizard hits you with a +0 dagger.
You hit the orc wizard but do no damage.
The orc wizard is severely wounded.
The orc wizard casts a spell at you.
You are confused.
The orc hits you with a +0 mace.
* * * LOW HITPOINT WARNING * * *
You closely miss the orc. The orc wizard barely misses you.
The orc hits you with a +0 mace.
* * * LOW HITPOINT WARNING * * *
Your transformation has ended.
You turn into a tree.
Your +0 ring mail melds into your body.
Your roots penetrate the ground.
The orc wizard hits you but does no damage.
The orc hits you but does no damage.
You cannot move. (Use ctrl+direction or * direction to attack while stationary and confused.)
You swing at nothing.
The orc hits you but does no damage.
The orc wizard hits you but does no damage.
You miss the orc wizard.
The orc wizard is severely wounded.
The orc hits you but does no damage.
The orc wizard hits you but does no damage.
You swing at nothing.
You feel less confused. The orc hits you with a +0 mace.
* * * LOW HITPOINT WARNING * * *
The orc wizard hits you but does no damage.
You hit the orc wizard.
The orc wizard is severely wounded.
The orc wizard hits you but does no damage.
The orc hits you but does no damage.
You hit the orc wizard but do no damage.
The orc wizard is severely wounded.
The orc wizard hits you with a +0 dagger.
* * * LOW HITPOINT WARNING * * *
The orc hits you with a +0 mace.
You die...

#.......##.##....# .
#.##....!..........8
.
#.##................
#.
#.....?.......#..8.8
#..##..........>...
#.................
#.....).....###...
##.............. ..
......o♣........# #
#?....o........##
.........#......#
....##.###.......
.... #. #..... ...
## .^.. .. ...


You could see an orc wizard and an orc.

Vanquished Creatures
  2 adders
  A dart slug (D:2)
  A ball python (D:2)
  3 endoplasms (D:2)
  2 giant cockroaches
  4 goblins
  4 hobgoblins
  A quokka (D:1)
  5 bats
  2 frilled lizards
  3 kobolds
  5 rats
33 creatures vanquished.

Notes
Turn   | Place    | Note
-------+----------+-------------------------------------------
     0 | D:1      | Lobster4 the Merfolk Shapeshifter began the quest for the
                  | Orb.
     0 | D:1      | Reached XP level 1. HP: 15/15 MP: 1/1
   254 | D:1      | Reached XP level 2. HP: 15/21 MP: 2/2
   943 | D:2      | Found a runed translucent door.
   944 | D:2      | Noticed Crazy Yiuf
  1083 | D:2      | Reached XP level 3. HP: 27/27 MP: 3/3
  1509 | D:3      | Slain by an orc

Illustrated notes

Levels and vault maps discovered:
D:1:      sevenhm_arrival_forest_fort_large_4, layout_loops_ring,
          chequers_arboretum
D:2:      layout_rooms, uniq_crazy_yiuf_cottage
D:3:      layout_rooms, jmf_multi_god_temple, ebering_ecumenical_altar_ruins,
          hex_intersection

Skill      XL: |  1  2 |
---------------+-------+-----
Dodging        | 3 |  3.0
Fighting       | |  1.9
Armour         | |  0.6
Unarmed Combat | |  3.6
Shapeshifting  | |  4.8

Action                     || total
---------------------------++-------
  Melee: Short sword       ||   104
         Unarmed           ||     2
         Punch             ||     1
    Use: Potion            ||     1
 Armour: Ring mail         ||    61
         Animal skin       ||     3
         Skin              ||    12
  Dodge: Dodged            ||    60

Table legend: (Time is in decaauts)
 A = Elapsed time spent in this place.
 B = Non-inter-level travel time spent in this place.
 C = Inter-level travel time spent in this place.
 D = Time resting spent in this place.
 E = Time spent auto-exploring this place.
 F = Levels seen in this place.
 G = Mean time per level.
                   A        B        C        D        E       F      G
               +--------+--------+--------+--------+--------+-----+--------+
         Total |   1507 |   1461 |     46 |      0 |   1195 |   3 |  502.3 |
       Dungeon |   1507 |   1461 |     46 |      0 |   1195 |   3 |  502.3 |
               +--------+--------+--------+--------+--------+-----+--------+

Top non-repeatable levels by time:
     D:1: 766 daAuts
     D:2: 636 daAuts
     D:3: 104 daAuts
